 Dungeon Crawl Stone Soup version 0.21.1-1-g345015f (webtiles) character file.

3894 teukkam the Martial Artist (level 10, 0/76 HPs)
             Began as a Gnoll Wanderer on Feb 2, 2018.
             Was a Follower of Wu Jian.
             Slain by a two-headed ogre
             ... wielding a +0 giant spiked club
              (9 damage)
             ... on level 9 of the Dungeon on Feb 6, 2018.
             The game lasted 00:32:49 (7051 turns).

teukkam the Martial Artist (Gnoll Wanderer)         Turns: 7051, Time: 00:32:51

Health: 0/76       AC: 11    Str: 15    XL:     10   Next: 20%
Magic:  0/15       EV: 12    Int: 18    God:    Wu Jian [*.....]
Gold:   466        SH:  0    Dex: 17    Spells: 19/19 levels left

rFire    + . .     SeeInvis .   a - +5 war axe of Slime {vamp, rElec Stlth+}
rCold    . . .     Gourm    .   (no shield)
rNeg     . . .     Faith    .   v - +1 scale mail {rF+}
rPois    .         Spirit   +   (no helmet)
rElec    +         Reflect  .   O - scarf {cloud immunity}
rCorr    .         Harm     .   (no gloves)
MR       .....                  d - +2 pair of boots
Stlth    +++.......             z - amulet of guardian spirit
HPRegen  0.22/turn              x - +3 ring of intelligence
MPRegen  0.14/turn              (no ring)

@: no status effects
A: distributed training, fangs 1, low mp 1, strong nose
a: Renounce Religion


You were on level 9 of the Dungeon.
You worshipped Wu Jian.
Wu Jian was aware of your devotion.
You were not hungry.

You visited 2 branches of the dungeon, and saw 10 of its levels.

You collected 466 gold pieces.

Inventory:

Hand Weapons
 a - the +5 war axe of Slime (weapon) {vamp, rElec Stlth+}
   (You found it on level 7 of the Dungeon)

   It inflicts no extra harm, but heals its wielder when it wounds a living foe.
   It insulates you from electricity.
   It makes you more stealthy.
 n - a +0 blowgun
 p - a +1 vampiric dagger
 s - a +3 quarterstaff of chaos
 C - a +2 shortbow
Missiles
 b - 141 arrows
 h - 49 poisoned needles
 Q - a javelin (quivered)
 S - 7 tomahawks
Armour
 d - a +2 pair of boots (worn)
 g - a +0 cloak
 v - a +1 scale mail of fire resistance (worn)
 w - a +1 leather armour of positive energy
 O - a scarf of cloud immunity (worn)
Jewellery
 r - an uncursed amulet of magic regeneration
 x - a +3 ring of intelligence (left hand)
 z - an amulet of guardian spirit (around neck)
 E - an uncursed ring of fire
Wands
 q - a wand of polymorph (8)
 L - a wand of acid (6)
Scrolls
 e - 11 scrolls of identify
 i - 4 scrolls of remove curse
 y - 2 scrolls of immolation {unknown}
 A - 2 scrolls of brand weapon {unknown}
 G - a scroll of magic mapping
 H - 2 scrolls of teleportation
 I - a scroll of fear
 M - a scroll of fog {unknown}
 T - a scroll of amnesia {unknown}
Potions
 c - 3 potions of lignification
 j - a potion of degeneration
 k - a potion of brilliance {unknown}
 l - 2 potions of heal wounds {unknown}
 m - a potion of resistance {unknown}
 o - a potion of cancellation {unknown}
 t - a potion of flight {unknown}
 u - a potion of might
 B - a potion of ambrosia {unknown}
 F - 2 potions of invisibility {unknown}
 J - 2 potions of agility {unknown}
 K - a potion of magic {unknown}
 P - a potion of curing
Books
 D - a book of Party Tricks

   Spells                             Type                      Level
   a - Summon Butterflies             Summoning                    1
   b - Apportation                    Translocation                1
   c - Lesser Beckoning               Translocation                3
   d - Tukima's Dance                 Hexes                        3
   e - Alistair's Intoxication        Transmutation/Poison         5
   f - Invisibility                   Hexes                        6
 N - a book of Changes

   Spells                             Type                      Level
   a - Beastly Appendage              Transmutation                1
   b - Sticks to Snakes               Transmutation                2
   c - Spider Form                    Transmutation/Poison         3
   d - Ice Form                       Ice/Transmutation            4
   e - Blade Hands                    Transmutation                5
Comestibles
 f - 9 rations


   Skills:
 + Level 5.6 Fighting
 + Level 5.0 Short Blades
 + Level 5.0 Long Blades
 + Level 5.0 Axes
 + Level 5.0 Maces & Flails
 + Level 5.0 Polearms
 + Level 5.0 Staves
 + Level 5.0 Slings
 + Level 5.6 Bows
 + Level 5.0 Crossbows
 + Level 5.0 Throwing
 + Level 5.6 Armour
 + Level 5.6 Dodging
 + Level 5.0 Stealth
 + Level 6.8 Shields
 + Level 9.9 Unarmed Combat
 + Level 5.0 Spellcasting
 + Level 4.1 Conjurations
 + Level 4.1 Hexes
 + Level 4.1 Charms
 + Level 4.1 Summonings
 + Level 4.1 Necromancy
 + Level 4.1 Translocations
 + Level 4.1 Transmutations
 + Level 4.1 Fire Magic
 + Level 4.1 Ice Magic
 + Level 4.1 Air Magic
 + Level 4.1 Earth Magic
 + Level 4.1 Poison Magic
   Level 5.4 Invocations
 + Level 5.0 Evocations


You had 19 spell levels left.
You didn't know any spells.

Dungeon Overview and Level Annotations

Branches:
Dungeon (9/15)             Temple (1/1) D:6
   Lair: D:8-11         Orc: D:9-12

Altars:
Cheibriados
Dithmenos
Elyvilon
Fedhas
Gozag
Hepliaklqana
Kikubaaqudgha
Makhleb
Nemelex Xobeh
Okawaru
Qazlal
Ru
Sif Muna
Trog
Uskayaw
Vehumet
Wu Jian
Xom
Yredelemnul
Zin
The Shining One

Annotations:
D:2 Natasha


Innate Abilities, Weirdness & Mutations

Your experience applies equally to all skills.
You have very sharp teeth.
Your magical capacity is low. (-10% MP)
Your uncanny sense of smell can sniff out nearby items.


Message History

The two-headed ogre is heavily wounded.
You spin to attack the two-headed ogre, but your attack speed is too slow for a blow to land.
The two-headed ogre hits you with a giant spiked club!!
The two-headed ogre hits you but does no damage.
You hit the two-headed ogre.
You feel better.
The two-headed ogre is heavily wounded.
The two-headed ogre hits you with a giant spiked club!
The two-headed ogre closely misses you.
You spin and attack the two-headed ogre.
You hit the two-headed ogre but do no damage.
You bite the two-headed ogre, but do no damage.
The two-headed ogre is heavily wounded.
The two-headed ogre misses you. The two-headed ogre barely misses you.
You spin and attack the two-headed ogre.
You hit the two-headed ogre.
You feel better.
The two-headed ogre is heavily wounded.
The two-headed ogre hits you with a giant spiked club!!
* * * LOW HITPOINT WARNING * * *
The two-headed ogre hits you with a giant club!
You die...

..### ..... #... #..#
##.. .. ##.$.## .?.
##.....## ./..
#.......## #...#
......##@.#####..#
...... ...##
##O..#...# ..<... .
##.....# ......
##.))..# #...##
#...#...# . #...#
##.).#...# .. #...##
####...###..# ..
#....####....[.# ..#
..####.............##
...


You could see a two-headed ogre (pinned).

Vanquished Creatures
  Grinder (D:6)
  Grum (D:8)
  2 steam dragons
  A water moccasin (D:7)
  2 orc warriors (D:7)
  A black bear (D:7)
  4 wolves
  A phantom (D:6)
  3 ogres
  2 centaurs
  Blork the orc (D:6)
  4 bullfrogs
  4 scorpions
  A water moccasin skeleton (D:8)
  6 killer bees (D:7)
  A howler monkey (D:4)
  3 crimson imps
  A bullfrog zombie (D:5)
  A centaur skeleton (D:7)
  A centaur zombie (D:5)
  6 orc priests
  6 hounds
  Crazy Yiuf (D:6)
  A bullfrog skeleton (D:4)
  3 iguanas
  10 orc wizards
  A worker ant (D:6)
  4 gnolls (D:6)
  8 adders
  2 shadow imps
  An ooze (D:1)
  An adder zombie (D:5)
  A worm (D:2)
  3 dart slugs (D:1)
  4 leopard geckos
  39 orcs
  10 bats
  8 giant cockroaches
  2 goblins (D:1)
  7 hobgoblins
  5 jackals
  7 kobolds
  2 quokkas
  7 frilled lizards
  A quokka skeleton (D:6)
  5 rats
186 creatures vanquished.

Notes
Turn   | Place    | Note
-------+----------+-------------------------------------------
     0 | D:1      | teukkam the Gnoll Wanderer began the quest for the Orb.
     0 | D:1      | teukkam set off with: a +2 shortbow, 28 arrows, 2 potions of lignification, a +0 robe, a ration
     0 | D:1      | Reached XP level 1. HP: 17/17 MP: 1/1
    47 | D:1      | Reached XP level 2. HP: 23/23 MP: 2/2
   269 | D:1      | Reached XP level 3. HP: 28/28 MP: 3/3
   522 | D:2      | Found a blossoming altar of Fedhas.
   522 | D:2      | Found a glowing golden altar of the Shining One.
   522 | D:2      | Found a sacrificial altar of Ru.
   526 | D:2      | Found a bloodstained altar of Trog.
   526 | D:2      | Found an opulent altar of Gozag.
   526 | D:2      | Found an iron altar of Okawaru.
   527 | D:2      | Found a white marble altar of Elyvilon.
   532 | D:2      | Became a worshipper of Ru the Awakened
   648 | D:2      | Noticed Natasha
   678 | D:2      | Reached skill level 1 in Invocations
   936 | D:3      | Reached skill level 1 in Short Blades
   936 | D:3      | Reached skill level 1 in Long Blades
   936 | D:3      | Reached skill level 1 in Axes
   936 | D:3      | Reached skill level 1 in Maces & Flails
   936 | D:3      | Reached skill level 1 in Polearms
   936 | D:3      | Reached skill level 1 in Staves
   936 | D:3      | Reached skill level 1 in Slings
   936 | D:3      | Reached skill level 1 in Crossbows
   936 | D:3      | Reached skill level 1 in Throwing
   936 | D:3      | Reached skill level 1 in Stealth
   936 | D:3      | Reached skill level 1 in Spellcasting
   936 | D:3      | Reached skill level 1 in Evocations
   936 | D:3      | Reached XP level 4. HP: 23/34 MP: 5/5
  1201 | D:3      | Noticed an angel
  1202 | D:3      | Found a glowing silver altar of Zin.
  1205 | D:3      | Found a shimmering altar of Xom.
  1533 | D:3      | Reached skill level 1 in Conjurations
  1533 | D:3      | Reached skill level 1 in Hexes
  1533 | D:3      | Reached skill level 1 in Charms
  1533 | D:3      | Reached skill level 1 in Summonings
  1533 | D:3      | Reached skill level 1 in Necromancy
  1533 | D:3      | Reached skill level 1 in Translocations
  1533 | D:3      | Reached skill level 1 in Transmutations
  1533 | D:3      | Reached skill level 1 in Fire Magic
  1533 | D:3      | Reached skill level 1 in Ice Magic
  1533 | D:3      | Reached skill level 1 in Air Magic
  1533 | D:3      | Reached skill level 1 in Earth Magic
  1533 | D:3      | Reached skill level 1 in Poison Magic
  1917 | D:3      | Reached XP level 5. HP: 29/40 MP: 5/7
  1937 | D:3      | Gained mutation: Your magical capacity is low. (-10% MP) [Ru sacrifice]
  2087 | D:4      | Reached XP level 6. HP: 45/47 MP: 7/7
  2445 | D:4      | Reached skill level 5 in Shields
  3071 | D:5      | Entered Level 5 of the Dungeon
  3127 | D:5      | Found a burning altar of Makhleb.
  3137 | D:5      | Reached XP level 7. HP: 45/52 MP: 9/9
  3486 | D:6      | Reached skill level 9 in Unarmed Combat
  3752 | D:6      | Noticed Grinder
  3756 | D:6      | Reached XP level 8. HP: 55/60 MP: 11/11
  3783 | D:6      | Found a runed door.
  3787 | D:6      | Noticed Crazy Yiuf
  3793 | D:6      | Killed Crazy Yiuf
  3819 | D:6      | Noticed Blork the orc
  3847 | D:6      | Killed Blork the orc
  4111 | D:6      | Upgraded the game from 0.21.1 to 0.21.1-1-g345015f
  4321 | D:7      | Got a warped war axe
  4323 | D:7      | Identified the +5 war axe of Slime {vamp, rElec Stlth+} (You found it on level 7 of the Dungeon)
  4366 | D:7      | Reached XP level 9. HP: 66/66 MP: 13/13
  4673 | D:7      | Found a radiant altar of Vehumet.
  4995 | D:6      | Killed Grinder
  4995 | D:6      | Reached skill level 5 in Fighting
  4995 | D:6      | Reached skill level 5 in Bows
  4995 | D:6      | Reached skill level 5 in Armour
  4995 | D:6      | Reached skill level 5 in Dodging
  5067 | D:6      | Found a staircase to the Ecumenical Temple.
  5076 | Temple   | Entered the Ecumenical Temple
  5131 | Temple   | Fell from the grace of Ru
  5131 | Temple   | Became a worshipper of the Wu Jian Council
  5837 | D:8      | Noticed Grum
  5983 | D:7      | Reached skill level 5 in Invocations
  6241 | D:8      | Reached XP level 10. HP: 32/74 MP: 4/15
  6245 | D:8      | Killed Grum
  6527 | D:8      | Found a hazy altar of Hepliaklqana.
  6647 | D:8      | Reached * piety under Wu Jian
  7037 | D:9      | Noticed a two-headed ogre
  7043 | D:9      | Reached skill level 5 in Short Blades
  7043 | D:9      | Reached skill level 5 in Long Blades
  7043 | D:9      | Reached skill level 5 in Axes
  7043 | D:9      | Reached skill level 5 in Maces & Flails
  7043 | D:9      | Reached skill level 5 in Polearms
  7043 | D:9      | Reached skill level 5 in Staves
  7043 | D:9      | Reached skill level 5 in Slings
  7043 | D:9      | Reached skill level 5 in Crossbows
  7043 | D:9      | Reached skill level 5 in Throwing
  7043 | D:9      | Reached skill level 5 in Stealth
  7043 | D:9      | Reached skill level 5 in Spellcasting
  7043 | D:9      | Reached skill level 5 in Evocations
  7051 | D:9      | Slain by a two-headed ogre

Skill      XL: |  1  2  3  4  5  6  7  8  9 10 |
---------------+-------------------------------+-----
Invocations    | 1 2 3 4 5 |  5.4
Short Blades   | 1 2 3 4 5 |  5.0
Long Blades    | 1 2 3 4 5 |  5.0
Axes           | 1 2 3 4 5 |  5.0
Maces & Flails | 1 2 3 4 5 |  5.0
Polearms       | 1 2 3 4 5 |  5.0
Staves         | 1 2 3 4 5 |  5.0
Slings         | 1 2 3 4 5 |  5.0
Crossbows      | 1 2 3 4 5 |  5.0
Throwing       | 1 2 3 4 5 |  5.0
Stealth        | 1 2 3 4 5 |  5.0
Spellcasting   | 1 2 3 4 5 |  5.0
Evocations     | 1 2 3 4 5 |  5.0
Conjurations   | 1 2 3 4 |  4.1
Hexes          | 1 2 3 4 |  4.1
Charms         | 1 2 3 4 |  4.1
Summonings     | 1 2 3 4 |  4.1
Necromancy     | 1 2 3 4 |  4.1
Translocations | 1 2 3 4 |  4.1
Transmutations | 1 2 3 4 |  4.1
Fire Magic     | 1 2 3 4 |  4.1
Ice Magic      | 1 2 3 4 |  4.1
Air Magic      | 1 2 3 4 |  4.1
Earth Magic    | 1 2 3 4 |  4.1
Poison Magic   | 1 2 3 4 |  4.1
Fighting       | 3 4 5 |  5.6
Bows           | 3 4 5 |  5.6
Armour         | 3 4 5 |  5.6
Dodging        | 3 4 5 |  5.6
Shields        | 5 6 |  6.8
Unarmed Combat | 9 |  9.9

Action                   |  1- 3 |  4- 6 |  7- 9 | 10-12 || total
-------------------------+-------+-------+-------+-------++-------
Melee: Unarmed           |    12 |    89 |    92 |       ||   193
       Punch             |     1 |     4 |    14 |     1 ||    20
       Bite              |     1 |    11 |    30 |     5 ||    47
       Dagger            |       |    19 |       |       ||    19
       Quarterstaff      |       |       |    47 |       ||    47
       War axe           |       |       |   177 |    52 ||   229
 Fire: Shortbow          |    61 |    70 |    21 |       ||   152
Throw: Javelin           |       |       |       |    11 ||    11
       Tomahawk          |       |       |       |     4 ||     4
Invok: Sacrifice Essence |       |     1 |       |       ||     1
       Lunge             |       |       |     4 |     8 ||    12
       Reject Sacrifices |       |       |     1 |       ||     1
       Whirlwind         |       |       |       |    13 ||    13
Evoke: Wand              |       |       |     2 |     1 ||     3
  Use: Scroll            |       |     4 |     3 |       ||     7
       Potion            |       |     2 |     2 |       ||     4
 Stab: Sleeping          |       |       |     2 |     2 ||     4
  Eat: Ration            |       |     3 |     2 |     1 ||     6
       Chunk             |       |     1 |     7 |     1 ||     9
Armor: Robe              |     6 |    16 |       |       ||    22
       Scale mail        |       |     2 |   166 |    12 ||   180
Dodge: Dodged            |    18 |    64 |   259 |    19 ||   360
